 Dungeon Crawl Stone Soup version 0.31-a0-867-g9b2fd80f0c (webtiles) character file.

Game seed: 4254208472337138773

70837 Bnni the Marksant (level 15, -2/109 HPs)
             Began as a Formicid Hexslinger on Oct 11, 2023.
             Was a High Priest of Hepliaklqana.
             Slain by Rupert
             ... wielding a +1 great mace of protection
              (20 damage)
             ... on level 3 of the Lair of Beasts.
             The game lasted 00:45:44 (16616 turns).

Bnni the Marksant (Formicid Hexslinger)            Turns: 16616, Time: 00:45:45

Health: -2/109     AC:  7    Str: 17    XL:     15   Next: 79%
Magic:  11/24      EV: 32    Int: 18    God:    Hepliaklqana [*****.]
Gold:   766        SH:  0    Dex: 19    Spells: 3/26 levels left

rFire   . . .        K - +0 orcbow
rCold   . . .        M - orb {*Rage}
rNeg    + + .        w - +2 robe of the Dwarven Hall {rN++ Dex-3}
rPois   .            (helmet unavailable)
rElec   .            a - +0 cloak of Zuelul {Str+2 Int+3}
rCorr   .            E - +1 pair of gloves {Str+3}
SInv    +            (no boots)
Will    +....        q - amulet of regeneration
Stlth   ++           s - ring of the Hare {EV+10}
HPRegen 1.18/turn    m - +5 ring of evasion
MPRegen 0.19/turn

%: no passive effects
@: portalling projectiles, studying 2 skills
A: reduced essence, permanent stasis, dig shafts and tunnels, antennae 3, four
strong arms
a: Dig, Shaft Self, Renounce Religion, Recall Ancestor, Ancestor Identity,
Transference, Idealise


You were on level 3 of the Lair of Beasts.
You worshipped Hepliaklqana.
Hepliaklqana was extremely pleased with you.
You visited 3 branches of the dungeon, and saw 17 of its levels.
You also visited: Bailey.

You collected 1134 gold pieces.
You spent 368 gold pieces at shops.

Inventory:

Hand Weapons
 D - a +0 arbalest
 K - a +0 orcbow (weapon)
Missiles
 z - 27 poisoned darts
 A - a throwing net
Armour
 a - the +0 cloak of Zuelul (worn) {Str+2 Int+3}
   (You bought it in a shop on level 2 of the Dungeon)

   Str+2:     It affects your strength (+2).
   Int+3:     It affects your intelligence (+3).
 w - the +2 robe of the Dwarven Hall (worn) {rN++ Dex-3}
   (You found it on level 6 of the Dungeon)

   Dex-3:     It affects your dexterity (-3).
   rN++:      It greatly protects you from negative energy.
 E - a +1 pair of gloves of strength (worn)
 M - an orb of wrath (worn)
 T - a +0 kite shield
Jewellery
 m - a +5 ring of evasion (right hand)
 q - an amulet of regeneration (around neck)
 s - the ring of the Hare (left hand) {EV+10}
   (You found it on level 3 of the Dungeon)

   [ring of evasion]

   EV+10:     It affects your evasion (+10).
 u - a ring of ice
 Q - a ring of resist corrosion
 U - an amulet of magic regeneration
Wands
 c - a wand of mindburst (16)
 g - a wand of flame (25)
 y - a wand of iceblast (16)
 B - a wand of charming (21)
 L - a wand of light (9)
 R - a wand of polymorph (4)
Scrolls
 b - 3 scrolls of poison
 j - 4 scrolls of enchant weapon
 p - 4 scrolls of immolation
 r - 2 scrolls of vulnerability
 G - 3 scrolls of fog {unknown}
 H - 2 scrolls of enchant armour
 I - a scroll of amnesia
 J - 3 scrolls of noise {unknown}
 N - a scroll of fear {unknown}
 P - a scroll of brand weapon
 S - 2 scrolls of revelation
Potions
 d - a potion of magic {unknown}
 e - a potion of ambrosia
 f - 9 potions of curing
 h - 7 potions of heal wounds
 i - 2 potions of mutation {unknown}
 k - 2 potions of might {unknown}
 l - 7 potions of enlightenment
 n - a potion of brilliance {unknown}
 o - 2 potions of attraction {unknown}
 t - 3 potions of degeneration {unknown}
 v - 3 potions of lignification {unknown}
 x - a potion of resistance {unknown}
 C - 2 potions of invisibility {unknown}
 F - 2 potions of cancellation {unknown}


   Skills:
 + Level 12.3 Fighting
 * Level 15.9 Ranged Weapons
 - Level 8.4 Dodging
 - Level 6.0 Spellcasting
 * Level 14.1 Hexes
 - Level 3.0 Translocations
 - Level 1.0 Fire Magic
 + Level 9.8 Invocations


You had 3 spell levels left.
You knew the following spells:

 Your Spells              Type           Power      Damage    Failure   Level
a - Jinxbite              Hex            100%       N/A       1%          2
b - Inner Flame           Hex/Fire       32%        N/A       1%          3
c - Dimensional Bullseye  Hex/Tloc       18%        N/A       3%          4
d - Cause Fear            Hex            27%        N/A       1%          4
e - Enfeeble              Hex            27%        N/A       30%         7
o - Sigil of Binding      Hex            54%        N/A       1%          3

Your spell library contained the following spells:

 Spells                   Type           Power      Damage    Failure   Level
 Gell's Gravitas          Tloc           16%        N/A       11%         3
 Teleport Other           Tloc           16%        N/A       11%         3
 Sandblast                Erth           10%        2d5       12%         1
 Volatile Blastmotes      Fire/Tloc      24%        2d12      16%         3
 Cigotuvi's Dreadful Rot  Necr/Pois/Air  10%        N/A       19%         2
 Passwall                 Tmut/Erth      4%         N/A       19%         2
 Ignite Poison            Fire/Tmut/Pois 6%         N/A       30%         3
 Stone Arrow              Conj/Erth      10%        3d7       34%         3
 Anguish                  Hex/Necr       15%        N/A       7%          4
 Fulminant Prism          Conj/Hex       15%        3d11      7%          4
 Iskenderun's Mystic Bla  Conj/Tloc      10%        2d4       54%         4
 Flame Wave               Conj/Fire      7%         2d5       67%         4
 Sticky Flame             Conj/Fire      7%         2d3       67%         4
 Brom's Barrelling Bould  Conj/Erth      5%         2d3       75%         4
 Summon Forest            Summ/Tloc      5%         N/A       87%         5
 Arcjolt                  Conj/Air       2%         1d12      97%         5
 Freezing Cloud           Conj/Ice/Air   2%         6-21      97%         5
 Dispersal                Tloc           8%         N/A       99%         6
 Eringya's Noxious Bog    Tmut/Pois      2%         4d6       100%        6
 Summon Hydra             Summ           2%         N/A       100%        7
 Maxwell's Capacitive Co  Air            2%         ∞         100%        8
 Vhi's Electric Charge    Tloc/Air       Unusable   N/A       N/A         4

Dungeon Overview and Level Annotations

Branches:
Dungeon (13/15)            Temple (1/1) D:4            Lair (3/5) D:8
 Shoals (0/4) Lair:3       Spider (0/4) Lair:3          Orc (0/2) D:10
 Bailey (visited)
 Vaults: D:13-14

Altars:
Ashenzari
Cheibriados
Dithmenos
Elyvilon
Fedhas
Gozag
Hepliaklqana
Kikubaaqudgha
Makhleb
Nemelex Xobeh
Okawaru
Qazlal
Ru
Sif Muna
Trog
Uskayaw
Vehumet
Wu Jian
Xom
Yredelemnul
Zin
The Shining One

Shops:
D:2 [   D:5 [[   D:13 [

Annotations:
D:9 ongoing's ghost, journeyman MfSh
Lair:3 Rupert


Innate Abilities, Weirdness & Mutations

Your life essence is reduced to manifest your ancestor. (-10% HP)
You cannot be hasted, slowed, berserked, paralysed or teleported.
You can dig through walls and to a lower floor.
You have a pair of large antennae on your head. (SInv)
Your four strong arms can wield two-handed weapons with a shield.


Message History

The water moccasin closely misses you.
Unknown command.
You shoot an arrow.
The arrow closely misses the water moccasin.
Your projectile teleports!
The arrow hits Rupert.
Flame seeps out of Rupert.
Rupert is almost dead.
Rupert is engulfed in blazing flames.
Flame seeps out of Rupert.
Rupert hits you with a +1 great mace of protection!!!
The water moccasin completely misses you.
Unknown command.
Fire: K) +0 orcbow
Press: ? - help, Shift-Dir - straight line, f - Rupert, p - water moccasin
Aim: Rupert, wielding a +1 great mace of protection and wearing a +3 scale mail of fire resistance (flame, almost dead, berserk, inner flame, covering ground quickly, targeted by your dimensional bullseye, 80% to hit)
You shoot an arrow.
The arrow hits Rupert but does no damage.
Rupert is almost dead.
Rupert is engulfed in blazing flames.
Flame seeps out of Rupert.
Rupert hits you with a +1 great mace of protection!!
The water moccasin completely misses you.
Unknown command.
Fire: K) +0 orcbow
Press: ? - help, Shift-Dir - straight line, f - water moccasin, p - Rupert
Aim: a water moccasin (heavily wounded, 55% to hit)
You shoot an arrow. The arrow hits the water moccasin.
The water moccasin is severely wounded.
Your projectile teleports!
The arrow closely misses Rupert.
Rupert is engulfed in blazing flames.
Flame seeps out of Rupert.
Rupert hits you with a +1 great mace of protection!!
* * * LOW HITPOINT WARNING * * *
The water moccasin barely misses you.
Unknown command.
Okay, then.
As you read the scroll of summoning, it crumbles to dust.
Wisps of shadow whirl around you...
Rupert is engulfed in blazing flames.
Flame seeps out of Rupert.
Rupert misses you.
The water moccasin completely misses you.
Rupert is engulfed in blazing flames.
Flame seeps out of Rupert.
Rupert hits you with a +1 great mace of protection!!
You die...
Rupert roars with triumph.

##+.P.##### ##.......
..........###........
............#........
............#........
..........#..........
...........###.......
.###+#.#.####........
#F#l.## ####..#.P
#@.### ###..# #S@#
##.. #lk# ##+ #...#
......$ #...(.....
#...........
#...........
#>..........


You could see Rupert (berserk, inner flame, swift, ally target, bullseye
target), a water moccasin (ally target), a friendly komodo dragon (summoned), a
friendly cane toad (summoned), a friendly rime drake (summoned) and a friendly
wyvern (summoned).

Vanquished Creatures
  2 hydras
  2 centaur warriors
  3 two-headed ogres
  A death yak (Lair:3)
  3 skeletal warriors (D:12)
  A skyshark (Lair:3)
  2 orc knights (D:10)
  A manticore (D:11)
  An oklob plant (Lair:2)
  A cyclops (D:11)
  A gargoyle (D:6)
  An unseen horror (D:12)
  2 cane toads
  Psyche (D:11)
  Maggie (D:6)
  2 komodo dragons (D:11)
  4 trolls
  A hornet (D:5)
  3 blink frogs (Lair:1)
  4 slime creatures (D:12)
  2 shadows
  4 wyverns
  39 yaks
  5 wraiths
  A basilisk (D:13)
  A steam dragon (D:8)
  5 vampire mosquitoes
  2 acid dragons
  3 water moccasins
  A sky beast (D:6)
  2 black bears
  12 orc warriors
  5 ogres
  11 centaurs
  A kobold brigand (D:7)
  Blork the orc (D:4)
  9 bullfrogs
  A wyvern zombie (D:7)
  2 necrophages (D:7)
  A water moccasin zombie (D:7)
  8 wights
  3 killer bees (D:9)
  2 howler monkeys (D:7)
  5 centaur zombies
  A jelly (D:7)
  2 hounds
  3 orc priests
  A gnoll bouda (D:5)
  4 sleepcaps
  4 iguanas
  3 orc wizards
  A killer bee zombie (D:7)
  2 mummies (D:7)
  A howler monkey zombie (D:10)
  7 gnolls
  2 river rats (D:6)
  11 adders
  4 worms
  3 dart slugs
  44 orcs
  12 endoplasms
  A giant cockroach (D:1)
  9 goblins
  11 hobgoblins
  4 jackals
  4 quokkas
  8 ball pythons
  5 bats
  2 frilled lizards
  9 kobolds
  12 rats
333 creatures vanquished.

Vanquished Creatures (collateral kills)
  Josephine (D:10)
  A hydra (D:13)
  A catoblepas (Lair:2)
  A centaur warrior (D:13)
  A boulder beetle (D:13)
  3 death yaks (Lair:3)
  A manticore (D:11)
  2 cyclopes (D:13)
  A black mamba (Lair:1)
  A slime creature (D:12)
  3 cane toads
  2 komodo dragons (Lair:2)
  2 tengu conjurers (D:13)
  4 trolls
  A blink frog (Lair:1)
  A tarantella (Lair:3)
  4 shadows
  A vampire (D:10)
  12 yaks
  2 basilisks
  A wyvern (Lair:3)
  3 wraiths (D:10)
  2 vampire mosquitoes (D:12)
  Edmund (D:6)
  An acid dragon (D:10)
  8 orc warriors
  9 centaurs
  A kobold brigand (D:9)
  3 bullfrogs
  9 wights
  3 killer bees (D:9)
  A human zombie (D:7)
  An iguana (D:7)
  2 orc wizards
  A mummy (D:7)
  A howler monkey zombie (D:10)
  A gnoll (D:7)
  10 orcs
  A kobold (D:9)
104 creatures vanquished.

Vanquished Creatures (others)
  A centaur (Lair:3)
  11 knights
  2 ancestors (D:6)
14 creatures vanquished.

Grand Total: 451 creatures vanquished

Notes
Turn   | Place    | Note
-------+----------+-------------------------------------------
     0 | D:1      | Bnni the Formicid Hexslinger began the quest for the Orb.
     0 | D:1      | Reached XP level 1. HP: 15/15 MP: 2/2
   113 | D:1      | Reached XP level 2. HP: 16/21 MP: 3/3
   344 | D:1      | Learned a level 2 spell: Jinxbite
   481 | D:1      | Reached XP level 3. HP: 26/26 MP: 5/5
   913 | D:2      | Reached XP level 4. HP: 29/33 MP: 6/6
   923 | D:2      | Learned a level 3 spell: Inner Flame
   953 | D:2      | Reached skill level 3 in Ranged Weapons
  1176 | D:2      | Found a hide-covered altar of Uskayaw.
  1648 | D:2      | Found Dehompe's Antique Armour Emporium.
  2176 | D:3      | Found the ring of the Hare {EV+10}
  2187 | D:3      | Reached XP level 5. HP: 35/38 MP: 7/7
  2206 | D:3      | Reached skill level 5 in Hexes
  2473 | D:3      | Found a faded altar of an unknown god.
  2975 | D:4      | Reached XP level 6. HP: 46/46 MP: 5/9
  3049 | D:4      | Noticed Blork the orc
  3064 | D:4      | Killed Blork the orc
  3065 | D:4      | Reached skill level 4 in Ranged Weapons
  3246 | D:4      | Found a staircase to the Ecumenical Temple.
  3376 | D:4      | Noticed a black bear
  3392 | D:4      | Killed a black bear
  3393 | D:4      | Reached XP level 7. HP: 52/52 MP: 8/11
  3537 | D:5      | Entered Level 5 of the Dungeon
  3602 | D:5      | Learned a level 4 spell: Cause Fear
  3685 | D:5      | Reached skill level 5 in Ranged Weapons
  3759 | D:2      | Bought a translucent cloak for 218 gold pieces
  3759 | D:2      | Identified the +0 cloak of Zuelul {Str+2 Int+3} (You bought
                  | it in a shop on level 2 of the Dungeon)
  3845 | Temple   | Entered the Ecumenical Temple
  3850 | Temple   | Became a worshipper of Hepliaklqana the Forgotten
  3935 | D:5      | Reached XP level 8. HP: 58/58 MP: 9/12
  3989 | D:5      | Found Fulujis's Antique Armour Shoppe.
  4031 | D:5      | Found Jivorouv's Armour Emporium.
  4247 | D:5      | Found a broken altar of Ashenzari.
  4330 | D:5      | Noticed a hornet
  4377 | D:5      | Killed a hornet
  4639 | D:6      | Learned a level 3 spell: Sigil of Binding
  4669 | D:6      | Noticed Maggie
  4787 | D:6      | Killed Maggie
  4788 | D:6      | Reached skill level 6 in Ranged Weapons
  4788 | D:6      | Reached XP level 9. HP: 42/66 MP: 4/15
  4942 | D:6      | Noticed a gargoyle
  4957 | D:6      | Killed a gargoyle
  5095 | D:6      | Reached * piety under Hepliaklqana
  5140 | D:6      | Reached skill level 5 in Fighting
  5140 | D:6      | Reached skill level 7 in Ranged Weapons
  5156 | D:6      | Reached skill level 5 in Spellcasting
  5266 | D:6      | Found a snail-covered altar of Cheibriados.
  5267 | D:6      | Found a white marble altar of Elyvilon.
  5272 | D:6      | Found an ancient bone altar of Kikubaaqudgha.
  5273 | D:6      | Found a shimmering altar of Xom.
  5273 | D:6      | Found an ornate altar of the Wu Jian Council.
  5273 | D:6      | Found an iron altar of Okawaru.
  5273 | D:6      | Found a glowing silver altar of Zin.
  5278 | D:6      | Found a stormy altar of Qazlal.
  5370 | D:6      | Reached XP level 10. HP: 67/67 MP: 13/17
  5465 | D:6      | Identified the +2 robe of the Dwarven Hall {rN++ Dex-3}
  5508 | D:6      | Noticed Edmund
  5517 | D:6      | Killed Edmund
  5518 | D:6      | Reached skill level 10 in Hexes
  5518 | D:6      | Reached skill level 1 in Invocations
  5805 | D:6      | Reached skill level 8 in Ranged Weapons
  6062 | D:7      | Found a sparkling altar of Nemelex Xobeh.
  6062 | D:7      | Reached ** piety under Hepliaklqana
  6063 | D:7      | Remembered your ancestor Tankster McGee as a knight
  6216 | D:7      | Learned a level 4 spell: Dimensional Bullseye
  6580 | D:7      | Found a basalt altar of Yredelemnul.
  6801 | D:5      | Bought a pair of glowing gloves for 150 gold pieces
  7192 | D:8      | Found a staircase to the Lair.
  7360 | D:8      | Reached skill level 9 in Ranged Weapons
  7586 | D:8      | Reached XP level 11. HP: 63/74 MP: 7/20
  7713 | D:8      | Identified the +1 dagger of the Fool {heavy, rPois Dex+3}
  7799 | D:8      | Found a bloodstained altar of Trog.
  8176 | D:9      | Reached skill level 1 in Translocations
  8255 | D:9      | Reached skill level 10 in Ranged Weapons
  8369 | D:9      | Noticed a two-headed ogre
  8385 | D:9      | Killed a two-headed ogre
  8386 | D:9      | Reached skill level 5 in Invocations
  8451 | D:9      | Reached *** piety under Hepliaklqana
  8630 | D:9      | Found a transporter.
  8631 | D:9      | Noticed ongoing's ghost (journeyman MfSh)
  9217 | D:9      | Found a transporter.
  9219 | D:9      | Noticed a two-headed ogre
  9220 | D:9      | Noticed a two-headed ogre
  9220 | D:9      | Noticed a two-headed ogre
  9246 | D:9      | Noticed a centaur warrior
  9259 | D:9      | Killed a centaur warrior
  9427 | D:9      | Noticed a two-headed ogre
  9608 | D:10     | Entered Level 10 of the Dungeon
  9647 | D:10     | Noticed a two-headed ogre
  9659 | D:10     | Killed a two-headed ogre
  9673 | D:10     | Found a staircase to the Orcish Mines.
  9673 | D:10     | Noticed an orc knight
  9732 | D:10     | Reached XP level 12. HP: 82/82 MP: 21/21
  9804 | D:10     | Found a flagged portal.
  9838 | D:10     | Noticed Josephine
  9859 | D:10     | Reached skill level 11 in Ranged Weapons
  9859 | D:10     | Killed Josephine
  9970 | Bailey   | Entered a bailey
 10508 | Bailey   | Identified the +1 bardiche of Wuzevazi {heavy, Fragile
                  | rElec rCorr}
 10554 | Bailey   | Reached skill level 14 in Ranged Weapons
 10554 | Bailey   | Reached XP level 13. HP: 90/90 MP: 22/22
 10555 | Bailey   | Reached XP level 14. HP: 95/95 MP: 23/23
 11385 | D:11     | Noticed Psyche
 11397 | D:11     | Killed Psyche
 11557 | D:11     | Reached **** piety under Hepliaklqana
 11859 | D:11     | Reached skill level 10 in Fighting
 12869 | D:12     | Reached XP level 15. HP: 91/105 MP: 24/24
 13372 | D:13     | Found Voxto's Antique Armour Shoppe.
 13379 | D:13     | Reached ***** piety under Hepliaklqana
 13458 | D:13     | Reached skill level 15 in Ranged Weapons
 14236 | D:13     | Learned a level 7 spell: Enfeeble
 14456 | Lair:1   | Entered Level 1 of the Lair of Beasts
 16092 | Lair:3   | Found a staircase to the Shoals.
 16193 | Lair:3   | Noticed Rupert
 16252 | Lair:3   | Found a hole to the Spider Nest.
 16616 | Lair:3   | Slain by Rupert

Illustrated notes

Levels and vault maps discovered:
D:1:      minmay_arrival_three_doors, layout_basic
D:2:      layout_loops_ring, serial_shops, nicolae_shop_pleasant_corner_grove,
          basic_altar, minmay_rat_gold_closets
D:3:      layout_basic, basic_ecumenical_altar, minmay_unequal
D:4:      layout_loops_ring, minmay_temple_entry_from_below_a,
          uniq_blork_the_orc
D:5:      layout_cave_pools, nicolae_ashenzari_panopticon, serial_shops,
          nicolae_lakefront_shop, minmay_misc_feat_diagonals,
          mrwooster_statue_mirror, kennysheep_diamond, kennysheep_small_square
D:6:      layout_gridville, minitemple, lightli_sewer_entry_pipes, uniq_maggie,
          uniq_edmund
D:7:      layout_basic, lemuel_mausoleum_altar_yredelemnul,
          mainiacjoe_overflow_brackets, minmay_misc_feat_alley
D:8:      layout_basic, kennysheep_little_box, dpeg_oklobed_lair
D:9:      layout_layer_cave, gammafunk_ghost_smash, kennysheep_just_a_vault
D:10:     layout_roguey, david_orc_5, enter_bailey_5, serial_undead,
          serial_undead_c, serial_undead_a, serial_undead_b, serial_undead_f,
          uniq_josephine
D:11:     layout_loops_corners, uniq_psyche
D:12:     layout_loops_corners
D:13:     layout_grid_maze, serial_shops, nicolae_shop_tiny_statue_garden
Temple:   hellmonk_temple_micro_hex
Lair:1:   layout_chaotic_city
Lair:2:   layout_big_grid, st_stairs_11, minmay_lair_oklob_bushes,
          lemuel_fruit_tree
Lair:3:   layout_roguey, minmay_shoals_entry_centaurs, spider_nest_entry_rubble,
          uniq_rupert

Skill      XL: |  1  2  3  4  5  6  7  8  9 10 11 12 13 14 15 |
---------------+----------------------------------------------+-----
Hexes          | 4 5 6 8 9 11 12 13 14 | 14.1
Ranged Weapons | 3 4 5 6 7 9 10 14 15 | 15.9
Fighting       | 2 3 4 5 6 8 10 12 | 12.3
Spellcasting   | 2 3 4 5 6 |  6.0
Invocations    | 3 5 7 8 9 |  9.8
Translocations | 2 3 |  3.0
Dodging        | 7 8 |  8.4
Fire Magic     | |  1.0

Action                     |  1- 3 |  4- 6 |  7- 9 | 10-12 | 13-15 || total
---------------------------+-------+-------+-------+-------+-------++-------
  Melee: Dagger            |    83 |   177 |    33 |       |       ||   293
         Punch             |       |     3 |       |       |       ||     3
   Fire: Sling             |     9 |     7 |    11 |       |       ||    27
         Shortbow          |       |       |    78 |   788 |   140 ||  1006
         Orcbow            |       |       |       |       |   726 ||   726
  Throw: Dart              |       |     1 |    10 |     1 |     7 ||    19
         Throwing net      |       |       |       |       |     1 ||     1
   Cast: Jinxbite          |     1 |     8 |     5 |     6 |    10 ||    30
         Inner Flame       |       |       |    12 |    26 |    20 ||    58
         Cause Fear        |       |       |     8 |     3 |     2 ||    13
         Sigil of Binding  |       |       |     3 |     3 |     2 ||     8
         Dimensional Bulls |       |       |       |     3 |     4 ||     7
 Invoke: Recall Ancestor   |       |       |     1 |       |     2 ||     3
         Ancestor Identity |       |       |     1 |       |       ||     1
         Ancestor Life: Kn |       |       |       |     1 |       ||     1
         Transference      |       |       |       |     1 |       ||     1
Ability: Dig               |       |       |       |     1 |       ||     1
  Evoke: Wand              |       |       |       |       |     2 ||     2
    Use: Scroll            |       |     6 |     2 |     3 |     5 ||    16
         Potion            |       |       |       |     1 |     1 ||     2
   Stab: Sleeping          |     6 |     4 |     1 |       |       ||    11
         Distracted        |       |     1 |       |       |       ||     1
 Armour: Robe              |    49 |    76 |    34 |    86 |    67 ||   312
  Dodge: Dodged            |    41 |   161 |   115 |   273 |   224 ||   814

Table legend: (Time is in decaauts)
 A = Elapsed time spent in this place.
 B = Non-inter-level travel time spent in this place.
 C = Inter-level travel time spent in this place.
 D = Time resting spent in this place.
 E = Time spent auto-exploring this place.
 F = Levels seen in this place.
 G = Mean time per level.
                   A        B        C        D        E       F      G
               +--------+--------+--------+--------+--------+-----+--------+
         Total |  16367 |  15532 |    835 |   1235 |  10681 |  18 |  909.3 |
       Dungeon |  13675 |  12903 |    772 |   1197 |   8894 |  13 | 1051.9 |
        Temple |     10 |      6 |      4 |      0 |      0 |   1 |   10.0 |
          Lair |   2048 |   1990 |     58 |      0 |   1501 |   3 |  682.7 |
        Bailey |    632 |    632 |      0 |     38 |    286 |   1 |  632.0 |
               +--------+--------+--------+--------+--------+-----+--------+

Top non-repeatable levels by time:
     D:9: 1649 daAuts
     D:6: 1526 daAuts
     D:2: 1106 daAuts
     D:8: 1105 daAuts
    D:11: 1104 daAuts
    D:12: 1008 daAuts
     D:3: 1003 daAuts
     D:5: 993 daAuts
    D:10: 977 daAuts
    D:13: 939 daAuts
     D:4: 815 daAuts
  Lair:1: 778 daAuts
  Lair:2: 758 daAuts
     D:7: 742 daAuts
     D:1: 701 daAuts
